 Dungeon Crawl Stone Soup version 0.29.1-1-gd02db6906a (webtiles) character file.

Game seed: 18364724850171575498

2 Icepheonix32 the Trooper (level 1, -1/20 HPs)
             Began as a Minotaur Fighter on Sept 22, 2022.
             Slain by a goblin
             ... wielding a +1 dagger of venom
              (3 damage)
             ... on level 1 of the Dungeon.
             The game lasted 00:00:08 (68 turns).

Icepheonix32 the Trooper (Minotaur Fighter)           Turns: 68, Time: 00:00:09

Health: -1/20      AC:  6    Str: 20    XL:     1   Next: 25%
Magic:  0/0        EV:  9    Int:  5    God:
Gold:   7          SH:  4    Dex:  9    Spells: 0/0 levels left

rFire   . . .      SeeInvis .   a - +0 war axe
rCold   . . .      Faith    .   c - +0 buckler
rNeg    . . .      Spirit   .   b - +0 scale mail
rPois   .          Reflect  .   (helmet restricted)
rElec   .          Harm     .   (no cloak)
rCorr   .          Rampage  .   (no gloves)
Will    .....                   (no boots)
Stlth   ..........              (no amulet)
HPRegen 0.06/turn               (no ring)
MPRegen 0.07/turn               (no ring)

@: lethally poisoned (-1 -> -9)
A: horns 2, retaliatory headbutt
a: no special abilities


You were on level 1 of the Dungeon.
You visited 1 branch of the dungeon, and saw 1 of its levels.

You collected 7 gold pieces.

Inventory:

Hand Weapons
 a - a +0 war axe (weapon)
Armour
 b - a +0 scale mail (worn)
 c - a +0 buckler (worn)
Potions
 d - a potion of might
 e - a potion of curing {unknown}


   Skills:
 * Level 3.7 Fighting
 + Level 2.4 Axes
 + Level 3.6 Armour
 + Level 3.6 Shields


You couldn't memorise any spells.
You didn't know any spells.
Your spell library was empty.

Dungeon Overview and Level Annotations

Branches:
Dungeon (1/15)

Altars:


Innate Abilities, Weirdness & Mutations

You have a pair of horns on your head.
You reflexively headbutt those who attack you in melee.


Message History

No target in view!
A goblin comes into view. It is wielding a +1 dagger of venom.
Found 14 gold pieces.
The goblin shouts!
A goblin is nearby!
A goblin is nearby!
You see here 6 gold pieces.
A goblin comes into view. It is wielding a +0 dagger.
The goblin shouts!
The goblin hits you with a +1 dagger of venom.
You are poisoned.
You hit the goblin but do no damage.
You feel very sick.
The goblin hits you with a +1 dagger of venom.
You are lethally poisoned!
You closely miss the goblin. Your headbutt misses the goblin.
You feel very sick. You block the goblin's attack.
A hobgoblin comes into view.
You are too injured to fight recklessly!
You are too injured to fight recklessly!
You are too injured to fight recklessly!
You are too injured to fight recklessly!
You are too injured to fight recklessly!
You are too injured to fight recklessly!
You are too injured to fight recklessly!
You are too injured to fight recklessly!
You are too injured to fight recklessly!
You are too injured to fight recklessly!
You are too injured to fight recklessly!
There is a lethal amount of poison in your body!
There is a lethal amount of poison in your body!
* * * LOW HITPOINT WARNING * * *
You feel very sick.
You barely miss the goblin.
* * * LOW HITPOINT WARNING * * *
You feel very sick. The goblin hits you but does no damage.
The goblin hits you with a +1 dagger of venom.
You die... g

.. #.. #..$##
## ...g# .#
#..#### .#
#.g@.# #.##
####$#### ...#
#....###...###.
####.....#.....
###..†......
##.)###.....
#..## #.#? #..#
# ##.##


You could see 2 goblins.

Vanquished Creatures
  A hobgoblin (D:1)
  A frilled lizard (D:1)
2 creatures vanquished.

Notes
Turn   | Place    | Note
-------+----------+-------------------------------------------
     0 | D:1      | Icepheonix32 the Minotaur Fighter began the quest for the
                  | Orb.
     0 | D:1      | Reached XP level 1. HP: 19/19 MP: 0/0
     2 | D:1      | Noticed a human
     2 | D:1      | Noticed a troll
     4 | D:1      | Noticed a draconian
     6 | D:1      | Noticed a demonspawn
     6 | D:1      | Noticed a vampire
     8 | D:1      | Noticed a palentonga
     8 | D:1      | Noticed a minotaur
    10 | D:1      | Noticed a ghoul
    10 | D:1      | Noticed a meteoran
    12 | D:1      | Noticed a gargoyle
    12 | D:1      | Noticed a spriggan
    14 | D:1      | Noticed a formicid
    14 | D:1      | Noticed a felid
    16 | D:1      | Noticed an elf
    16 | D:1      | Noticed a vine stalker
    18 | D:1      | Noticed a naga
    18 | D:1      | Noticed a merfolk
    20 | D:1      | Noticed a tengu
    22 | D:1      | Noticed an ogre
    24 | D:1      | Noticed an octopode
    24 | D:1      | Noticed a spriggan
    68 | D:1      | Slain by a goblin

Illustrated notes

Levels and vault maps discovered:
D:1:      kb_arrival_jail, layout_rooms, shapermc_ecumenical_altar_totnotflames

Action                   || total
-------------------------++-------
Melee: War axe           ||     8
Armor: Scale mail        ||     2
Dodge: Dodged            ||     2
Block: Buckler           ||     2
